 Dungeon Crawl Stone Soup version 0.27.1-34-g3ba077fa99 (webtiles) character file.

Game seed: 7643661034560924206

77 Karpo the Sneak (level 4, 0/21 HPs)
             Began as a Spriggan Enchanter on Jan 26, 2022.
             Succumbed to a kobold's poison
             ... on level 2 of the Dungeon.
             The game lasted 00:05:35 (2476 turns).

Karpo the Sneak (Spriggan Enchanter)                Turns: 2476, Time: 00:05:36

Health: 0/21       AC:  4    Str:  4    XL:     4   Next: 13%
Magic:  7/9        EV: 17    Int: 16    God:
Gold:   149        SH:  0    Dex: 16    Spells: 2/8 levels left

rFire    . . .     SeeInvis +   a - +1 dagger
rCold    . . .     Faith    .   (shield restricted)
rNeg     . . .     Spirit   .   b - +0 robe
rPois    .         Reflect  .   (helmet restricted)
rElec    .         Harm     .   i - +1 cloak
rCorr    .         Rampage  .   (gloves unavailable)
Will     .....                  (boots unavailable)
Stlth    +++.......             (no amulet)
HPRegen  0.07/turn              h - ring of wizardry
MPRegen  0.11/turn              (no ring)

@: mighty, lethally poisoned (0 -> -15), very quick
A: very small, no large weapons, unfitting armour, see invisible, speed 3
a: no special abilities


You were on level 2 of the Dungeon.
You visited 1 branch of the dungeon, and saw 3 of its levels.

You collected 149 gold pieces.

Inventory:

Hand Weapons
 a - a +1 dagger (weapon)
 c - a +0 short sword
Armour
 b - a +0 robe (worn)
 i - a +1 cloak (worn)
Jewellery
 h - a ring of wizardry (left hand)
Scrolls
 d - a scroll of enchant weapon {unknown}
 e - a scroll of holy word {unknown}
 j - a scroll of teleportation {unknown}
Potions
 k - a potion of haste {unknown}


   Skills:
 + Level 3.2 Short Blades
 - Level 2.6 Dodging
 + Level 6.3 Stealth
 - Level 2.6 Spellcasting
 - Level 3.6 Hexes


You had 2 spell levels left.
You knew the following spells:

 Your Spells              Type           Power      Damage    Failure   Level
a - Corona                Hex            14%        N/A       1%          1
b - Ensorcelled Hibernat  Hex/Ice        14%        N/A       6%          2
c - Confusing Touch       Hex            13%        N/A       5%          3

Your spell library contained the following spells:

 Spells                   Type           Power      Damage    Failure   Level
 Static Discharge         Conj/Air       2%         N/A       12%         2
 Tukima's Dance           Hex            13%        N/A       5%          3
 Dazzling Flash           Conj/Hex       14%        N/A       12%         3
 Ignite Poison            Fire/Tmut/Pois 2%         N/A       22%         3
 Mephitic Cloud           Conj/Pois/Air  2%         N/A       22%         3
 Bolt of Magma            Conj/Fire/Erth 1%         4d4       88%         5
 Lightning Bolt           Conj/Air       1%         1d12      88%         5
 Maxwell's Capacitive Co  Air            1%         ∞         100%        8


Dungeon Overview and Level Annotations

Branches:
Dungeon (3/15)

Altars:


Innate Abilities, Weirdness & Mutations

You are very small and have problems with some larger weapons.
You are too small for most types of armour.
You have supernaturally acute eyesight. (SInv)
You cover ground extremely quickly. (Speed+++)


Message History

You see here a worm corpse.
You start resting.
Magic restored.
You start resting.
HP restored.
There is a stone staircase leading down here.
You climb downwards.
The kobold hits you with a +1 dagger of venom.
You are poisoned.
There is a stone staircase leading up, spattered with blood here.
You feel very sick.
The kobold hits you with a +1 dagger of venom.
You are lethally poisoned!
You climb upwards.
* * * LOW HITPOINT WARNING * * *
You feel extremely sick.
There is a stone staircase leading down here.
It was a potion of curing.
You feel better. The kobold closely misses you.
Casting: Ensorcelled Hibernation (safe; 6% risk of failure)
Confirm with . or Enter, or press ? or * to list all spells.
Aiming: Ensorcelled Hibernation (safe; 6% risk of failure)
Press: ? - help, Shift-Dir - straight line, f - kobold
Aim: a kobold, wielding a +1 dagger of venom (chance to affect: 56%)
The kobold resists with significant effort.
The kobold hits you with a +1 dagger of venom.
You are poisoned.
You barely miss the kobold.
You feel sick.
The kobold hits you with a +1 dagger of venom.
You are lethally poisoned!
Casting: Ensorcelled Hibernation (safe; 6% risk of failure)
Confirm with . or Enter, or press ? or * to list all spells.
You don't know that spell.
* * * LOW HITPOINT WARNING * * *
You feel very sick.
You see here a worm corpse.
* * * LOW HITPOINT WARNING * * *
You feel sick.
It was a potion of might.
You feel very mighty all of a sudden.
You die...

.......>.#####...#
.......†.# #...#
######.#.# #...#
#.#.#########
#.#....### ##
#..###...#### .##
##..####....#####
..######.#######.....##
...)............@†K...#
...#####.##############
...# #.# ..## #..
.########.# ......##
..###
#####..###...######
##..# #.#.....#
##.###.#.....##


You could see a kobold.

Vanquished Creatures
  3 adders (D:2)
  A worm (D:2)
  3 bats
  3 endoplasms
  5 goblins
  4 hobgoblins
  6 jackals (D:1)
  4 quokkas
  2 ball pythons (D:1)
  A frilled lizard (D:1)
  5 kobolds
  7 rats (D:2)
44 creatures vanquished.

Notes
Turn   | Place    | Note
-------+----------+-------------------------------------------
     0 | D:1      | Karpo the Spriggan Enchanter began the quest for the Orb.
     0 | D:1      | Reached XP level 1. HP: 9/9 MP: 5/5
   223 | D:1      | You fall into a shaft and drop 1 floor!
   327 | D:2      | Reached XP level 2. HP: 4/13 MP: 6/6
   338 | D:2      | Learned a level 2 spell: Ensorcelled Hibernation
   559 | D:2      | Reached skill level 5 in Stealth
  1597 | D:1      | Reached XP level 3. HP: 16/16 MP: 8/8
  1941 | D:1      | Found a faded altar of an unknown god.
  2287 | D:2      | Reached skill level 6 in Stealth
  2312 | D:2      | Reached XP level 4. HP: 21/21 MP: 9/9
  2316 | D:2      | Learned a level 3 spell: Confusing Touch
  2476 | D:2      | Succumbed to a kobold's poison

Illustrated notes

Levels and vault maps discovered:
D:1:      heliophobic_arrival_glass_houses, layout_rooms,
          hellmonk_ecumenical_altar_prayer_group, minmay_liquid_box,
          minmay_pentomino_z4
D:2:      layout_rooms, minmay_rat_gold_closets
D:3:      layout_basic, fiery_altar_vehumet, ebering_ghost_sewer_d

Skill      XL: |  1  2  3 |
---------------+----------+-----
Stealth        | 5 6 |  6.3
Short Blades   | 2 3 |  3.2
Dodging        | |  2.6
Spellcasting   | |  2.6
Hexes          | |  3.6

Action                   |  1- 3 |  4- 6 || total
-------------------------+-------+-------++-------
Melee: Dagger            |   161 |    21 ||   182
 Cast: Ensorcelled Hiber |     7 |     4 ||    11
  Use: Potion            |       |     2 ||     2
 Stab: Sleeping          |    19 |       ||    19
Armor: Robe              |    18 |     3 ||    21
Dodge: Dodged            |   117 |    11 ||   128
